 Dungeon Crawl Stone Soup version 0.30.1-9-gdf580d7c3d (webtiles) character file.

Game seed: 4979963636309611384

240 bearlyready the Ruffian (level 5, 0/50 HPs)
             Began as a Troll Berserker on Oct 11, 2023.
             Was a Priest of Trog.
             Slain by Dowan
             ... wielding a +1 dagger of speed
              (5 damage)
             ... on level 4 of the Dungeon.
             The game lasted 00:05:04 (2527 turns).

bearlyready the Ruffian (Troll Berserker)           Turns: 2527, Time: 00:05:04

Health: 0/50       AC:  4    Str: 27    XL:     5   Next: 80%
Magic:  4/4        EV: 10    Int:  3    God:    Trog [***...]
Gold:   155        SH:  0    Dex:  9    Spells: 4/4 levels left

rFire   . .          .
                       - Unarmed
rCold   . . .        (no shield)
rNeg    . . .        a - +0 animal skin
rPois   .            (helmet restricted)
rElec   .            (no cloak)
rCorr   .            (gloves unavailable)
SInv    .            (boots unavailable)
Will    .....        (no amulet)
Stlth   +            (no ring)
HPRegen 1.08/turn    (no ring)
MPRegen 0.09/turn

%: no passive effects
@: confused, ambrosia-drunk, flying
A: large, unfitting armour, claws 3, regeneration 1, shaggy fur 1, tough skin 1
a: Renounce Religion, Berserk, Trog's Hand


You were on level 4 of the Dungeon.
You worshipped Trog.
Trog was most pleased with you.
You visited 1 branch of the dungeon, and saw 4 of its levels.

You collected 155 gold pieces.

Inventory:

Armour
 a - a +0 animal skin (worn)
 o - a +0 cloak
Scrolls
 b - 4 scrolls of identify {unknown}
 c - a scroll of brand weapon {unknown}
 d - 3 scrolls of blinking {unknown}
 f - a scroll of fog {unknown}
 g - 2 scrolls of immolation {unknown}
 j - a scroll of enchant armour {unknown}
 l - a scroll of poison {unknown}
 m - a scroll of vulnerability {unknown}
Potions
 e - a potion of flight
 h - a potion of haste {unknown}
 k - a potion of heal wounds {unknown}
 n - a potion of curing {unknown}


   Skills:
 - Level 2.4 Fighting
 - Level 2.4 Dodging
 + Level 6.6 Unarmed Combat


You had 4 spell levels left.
You didn't know any spells.
Your spell library was empty.

Dungeon Overview and Level Annotations

Branches:
Dungeon (4/15)
 Temple: D:4-7

Altars:
Cheibriados
Dithmenos

Annotations:
D:4 Dowan, Duvessa


Innate Abilities, Weirdness & Mutations

You are too large for most types of armour.
You have claws for hands.
Your natural rate of healing is unusually fast.
You are covered in fur. (AC +1)
You have tough skin. (AC +1)


Message History

You are confused.
You feel invigorated.
Dowan drinks a potion.
Dowan flickers and vanishes!
Deactivating autopickup; reactivate with Ctrl-A.
You are too confused!
You bump into the rock wall.
Duvessa hits you with a +0 short sword!
You bump into the rock wall.
Duvessa hits you with a +0 short sword.
You bump into the rock wall.
Duvessa hits you with a +0 short sword.
You hear some strange, mumbled words.
Duvessa seems to speed up.
You scratch Duvessa.
Duvessa is lightly wounded.
Duvessa hits you with a +0 short sword.
You barely miss Duvessa.
Duvessa is lightly wounded.
Duvessa hits you with a +0 short sword!
You scratch Duvessa.
Duvessa is lightly wounded.
You feel less invigorated.
You feel less confused. Duvessa hits you with a +0 short sword.
Something hits you but does no damage. Duvessa hits you with a +0 short sword.
Something hits you but does no damage.
You scratch Duvessa but do no damage.
Duvessa is lightly wounded.
Duvessa hits you with a +0 short sword. Something hits you.
You claw Duvessa!
Duvessa is heavily wounded.
Duvessa hits you with a +0 short sword! Something hits you.
* * * LOW HITPOINT WARNING * * *
Duvessa barely misses you. Something hits you.
* * * LOW HITPOINT WARNING * * *
It was a potion of flight.
You feel very buoyant.
You fly up into the air.
Duvessa closely misses you. Something hits you.
* * * LOW HITPOINT WARNING * * *
You are confused.
You feel invigorated. Duvessa hits you with a +0 short sword!
* * * LOW HITPOINT WARNING * * *
Something hits you.
You die...

#..>.e........#...##...........
........##..........##..........
........##...............>......
..g....###...............)......
.g.##...##..##.......##.........
#..............#.......#..
#...#.........##.≈.8.≈....
#............###.≈...≈....
##.......@e..# #.≈≈.≈≈.##.
#....###.#.### #.≈≈.≈≈....
.........#### #.≈≈.≈≈..#.
...##..## #.≈≈_≈≈.#.. .....#
#.≈≈≈≈≈...# . .. #..≈≈≈...##
#........# ##########


You could see Duvessa (fast).

Vanquished Creatures
  A hound (D:4)
  Terence (D:2)
  An orc wizard (D:4)
  5 gnolls
  3 adders
  3 dart slugs
  3 orcs (D:4)
  8 ball pythons
  4 endoplasms (D:1)
  4 giant cockroaches
  8 goblins
  7 hobgoblins
  4 jackals
  8 kobolds
  2 quokkas (D:4)
  5 bats
  4 frilled lizards
  7 rats
78 creatures vanquished.

Notes
Turn   | Place    | Note
-------+----------+-------------------------------------------
     0 | D:1      | bearlyready the Troll Berserker began the quest for the
                  | Orb.
     0 | D:1      | Reached XP level 1. HP: 22/22 MP: 0/0
   121 | D:1      | Reached XP level 2. HP: 29/29 MP: 1/1
   262 | D:1      | Reached skill level 4 in Unarmed Combat
   464 | D:1      | Reached ** piety under Trog
   502 | D:1      | Reached XP level 3. HP: 36/36 MP: 2/2
   681 | D:1      | Found a snail-covered altar of Cheibriados.
   821 | D:2      | Reached skill level 5 in Unarmed Combat
   821 | D:2      | Reached XP level 4. HP: 25/44 MP: 3/3
  1048 | D:2      | Noticed Terence
  1062 | D:2      | Killed Terence
  1402 | D:2      | Reached XP level 5. HP: 50/50 MP: 4/4
  1431 | D:2      | Found a faded altar of an unknown god.
  2070 | D:3      | Reached skill level 6 in Unarmed Combat
  2303 | D:4      | Noticed Duvessa
  2303 | D:4      | Noticed Dowan
  2346 | D:4      | Reached *** piety under Trog
  2473 | D:4      | Found a shadowy altar of Dithmenos.
  2527 | D:4      | Slain by Dowan

Illustrated notes

Levels and vault maps discovered:
D:1:      dpeg_arrival_water_altar, layout_loops_cross
D:2:      layout_basic, dreamdust_ecumenical_altar_angels_and_demons,
          uniq_terence
D:3:      layout_basic
D:4:      minmay_octagon_keep, layout_cave_pools, mainiacjoe_overflow_catwalk,
          minmay_temple_entry_offerings, uniq_duvessa

Skill      XL: |  1  2  3  4  5 |
---------------+----------------+-----
Unarmed Combat | 4 5 6 |  6.6
Fighting       | |  2.4
Dodging        | |  2.4

Action                     |  1- 3 |  4- 6 || total
---------------------------+-------+-------++-------
  Melee: Unarmed           |    67 |   136 ||   203
         Punch             |     1 |     2 ||     3
    Use: Potion            |     1 |     3 ||     4
   Stab: Sleeping          |       |     1 ||     1
 Armour: Animal skin       |    14 |    47 ||    61
  Dodge: Dodged            |    37 |    81 ||   118
